 Dungeon Crawl Stone Soup version 0.26.1-2-gb8aa6d0cf2 (webtiles) character file.

Game seed: 7848740950917712301

716 Martska the Skirmisher (level 7, -1/75 HPs)
             Began as an Ogre Hunter on Mar 14, 2021.
             Slain by an orc
             ... wielding a +0 whip
              (2 damage)
             ... on level 5 of the Dungeon.
             The game lasted 00:09:48 (5363 turns).

Martska the Skirmisher (Ogre Hunter)                Turns: 5363, Time: 00:09:49

Health: -1/75      AC: 10    Str: 19    XL:     7   Next: 69%
Magic:  6/7        EV: 11    Int: 12    God:
Gold:   193        SH:  0    Dex:  9    Spells: 6/6 levels left

rFire    . . .     SeeInvis .   t - +2 mace (protect)
rCold    . . .     Faith    .   (no shield)
rNeg     . . .     Spirit   .   b - +0 robe
rPois    .         Reflect  .   (helmet restricted)
rElec    .         Harm     .   (no cloak)
rCorr    .         Rampage  .   (gloves unavailable)
Will     .....                  (boots unavailable)
Stlth    +.........             (no amulet)
HPRegen  0.22/turn              (no ring)
MPRegen  0.10/turn              (no ring)

@: protection aura
A: large, unfitting armour, tough skin 1
a: no special abilities


You were on level 5 of the Dungeon.
You visited 1 branch of the dungeon, and saw 5 of its levels.

You collected 193 gold pieces.

Inventory:

Hand Weapons
 a - a +0 short sword
 g - a +0 whip
 p - a +0 flail
 r - a +0 morningstar of freezing
 t - a +2 mace of protection (weapon)
Armour
 b - a +0 robe (worn)
Jewellery
 k - an uncursed amulet of guardian spirit
 v - an uncursed amulet of faith {unknown}
Wands
 n - a wand of flame (12)
Scrolls
 f - a scroll of noise
 h - 2 scrolls of amnesia
Potions
 e - a potion of magic
 j - a potion of curing
 q - a potion of degeneration {unknown}


   Skills:
 * Level 6.0 Fighting
 * Level 3.2 Maces & Flails
 * Level 5.7 Throwing
 * Level 4.1 Dodging
 - Level 0.6 Stealth
 + Level 0.4 Evocations


You had 6 spell levels left.
You didn't know any spells.
Your spell library was empty.

Dungeon Overview and Level Annotations

Branches:
Dungeon (5/15)
 Temple: D:4-7

Altars:
Gozag

Annotations:
D:4 Edmund


Innate Abilities, Weirdness & Mutations

You are too large for most types of armour.
You have tough skin. (AC +1)


Message History

The orc misses you. The yak closely misses you.
The orc hits you with a +0 whip.
* * * LOW HITPOINT WARNING * * *
You hit the yak.
The yak is moderately wounded.
The yak gores you but does no damage. The orc barely misses you.
You barely miss the yak.
The yak is moderately wounded.
The yak gores you!
* * * LOW HITPOINT WARNING * * *
The orc barely misses you. The orc misses you. The yak gores you!
* * * LOW HITPOINT WARNING * * *
You completely miss the yak.
The yak is moderately wounded.
The orc hits you but does no damage. The yak gores you but does no damage.
The orc misses you.
You hit the yak.
The yak is heavily wounded.
The orc hits you with a +0 whip.
You die...

#..#.#..
#..#.#o
#....o
#....#
#..o.#
#....######
#o.Y.......
#o##.######
#Y@o.#
######


You could see a yak and 3 orcs.

Vanquished Creatures
  Grinder (D:3)
  Sigmund (D:3)
  2 orc priests (D:3)
  3 orc wizards (D:3)
  Terence (D:3)
  3 gnolls
  2 adders (D:3)
  2 river rats (D:3)
  3 worms
  3 dart slugs (D:1)
  12 orcs (D:3)
  2 ball pythons
  6 giant cockroaches
  6 goblins
  9 hobgoblins
  11 jackals
  7 kobolds
  10 bats
  12 frilled lizards
  A leopard gecko skeleton (D:4)
  12 rats
109 creatures vanquished.

Notes
Turn   | Place    | Note
-------+----------+-------------------------------------------
     0 | D:1      | Martska the Ogre Hunter began the quest for the Orb.
     0 | D:1      | Reached XP level 1. HP: 22/22 MP: 1/1
   110 | D:1      | Reached skill level 3 in Fighting
   110 | D:1      | Reached XP level 2. HP: 31/31 MP: 2/2
   964 | D:1      | Reached XP level 3. HP: 36/37 MP: 3/3
  1448 | D:2      | Found an opulent altar of Gozag.
  2472 | D:3      | Reached XP level 4. HP: 43/48 MP: 4/4
  2557 | D:3      | Noticed Sigmund
  2558 | D:3      | Reached skill level 1 in Maces & Flails
  2578 | D:3      | Killed Sigmund
  2579 | D:3      | Reached skill level 4 in Fighting
  2579 | D:3      | Reached XP level 5. HP: 17/55 MP: 2/5
  2787 | D:3      | Noticed Grinder
  2822 | D:3      | Reached XP level 6. HP: 56/63 MP: 6/6
  2902 | D:3      | Reached skill level 5 in Throwing
  3330 | D:3      | Killed Grinder
  3331 | D:3      | Reached skill level 5 in Fighting
  3331 | D:3      | Reached XP level 7. HP: 22/72 MP: 1/7
  3574 | D:3      | Noticed Terence
  3577 | D:3      | Killed Terence
  4817 | D:3      | Reached skill level 6 in Fighting
  5255 | D:4      | Noticed Edmund
  5340 | D:5      | Entered Level 5 of the Dungeon
  5340 | D:5      | Noticed a yak
  5340 | D:5      | Noticed a yak
  5340 | D:5      | Noticed a yak
  5345 | D:5      | Noticed a yak
  5361 | D:5      | HP: 1/75 [yak (9)]
  5363 | D:5      | Slain by an orc

Illustrated notes

Levels and vault maps discovered:
D:1:      onia_arrival_pentagram, layout_loops_ring
D:2:      layout_rooms, nicolae_gozag_seed_capital, minmay_stone_trees_medium
D:3:      layout_basic, lightli_sewer_entry_pipes, uniq_sigmund, uniq_terence,
          uniq_grinder
D:4:      layout_loops_cross, nicolae_ru_awakened_eye, grunt_tough_drop,
          uniq_robin, uniq_edmund
D:5:      gammafunk_steamed_eel, layout_basic, serial_glass, glass_columns_a,
          glass_columns_a, st_stairs_6

Skill      XL: |  1  2  3  4  5  6  7 |
---------------+----------------------+-----
Fighting       | 3 4 5 6 |  6.0
Dodging        | 2 3 4 |  4.1
Maces & Flails | 2 3 |  3.2
Throwing       | 5 |  5.7
Stealth        | |  0.6
Evocations     | |  0.4

Action                   |  1- 3 |  4- 6 |  7- 9 || total
-------------------------+-------+-------+-------++-------
Melee: Short sword       |    35 |       |       ||    35
       Whip              |   178 |    92 |    25 ||   295
       Flail             |       |       |    73 ||    73
       Mace              |       |       |    45 ||    45
       Morningstar       |       |       |    26 ||    26
Throw: Large rock        |     7 |    18 |    13 ||    38
       Throwing net      |       |       |     2 ||     2
  Use: Potion            |     2 |       |     2 ||     4
       Scroll            |       |       |     8 ||     8
 Stab: Sleeping          |     3 |       |     1 ||     4
       Distracted        |       |       |     1 ||     1
Armor: Robe              |    82 |    60 |    59 ||   201
Dodge: Dodged            |   122 |   106 |   140 ||   368
